 Dungeon Crawl Stone Soup version 0.24.0-123-gd5b16e6ec5 (webtiles) character file.

Game seed: 1958151796940500906, levelgen mode: deterministic

302 Elellon the Cleaver (level 6, 0/51 HPs)
             Began as a Hill Orc Fighter on Jan 25, 2020.
             Slain by a big kobold (5 damage)
             ... on level 3 of the Dungeon.
             The game lasted 00:03:18 (2431 turns).

Elellon the Cleaver (Hill Orc Fighter)              Turns: 2431, Time: 00:03:19

Health: 0/51       AC: 11    Str: 21    XL:     6   Next: 37%
Magic:  6/6        EV:  3    Int:  8    God:
Gold:   163        SH:  9    Dex: 10    Spells: 5/5 levels left

rFire    . . .     SeeInvis .   a - +0 war axe
rCold    . . .     Gourm    .   c - +0 shield
rNeg     . . .     Faith    .   l - +0 plate armour
rPois    .         Spirit   .   (no helmet)
rElec    .         Reflect  .   (no cloak)
rCorr    .         Harm     .   (no gloves)
MR       .....                  (no boots)
Stlth    ..........             (no amulet)
HPRegen  0.17/turn              (no ring)
MPRegen  0.10/turn              (no ring)

@: lethally poisoned (0 -> -3)
A: no striking features
a: no special abilities


You were on level 3 of the Dungeon.
You were hungry.

You visited 1 branch of the dungeon, and saw 3 of its levels.

You collected 163 gold pieces.

Inventory:

Hand Weapons
 a - a +0 war axe (weapon)
Armour
 c - a +0 shield (worn)
 l - a +0 plate armour (worn)
 m - a +0 helmet
Jewellery
 i - an uncursed ring of poison resistance {unknown}
 j - an uncursed ring of protection from magic {unknown}
 u - a cursed ring of teleportation {unknown}
Scrolls
 e - a scroll of blinking {unknown}
 g - 2 scrolls of fog {unknown}
 h - a scroll of random uselessness {unknown}
 p - a scroll of noise {unknown}
 q - 2 scrolls of remove curse {unknown}
 r - a scroll of immolation {unknown}
 s - a scroll of enchant armour {unknown}
 t - a scroll of identify {unknown}
Potions
 b - a potion of magic {unknown}
 d - a potion of might
 k - 2 potions of agility {unknown}
 n - a potion of lignification {unknown}
 v - a potion of mutation {unknown}
Comestibles
 f - 3 rations
 o - 13 chunks of flesh


   Skills:
 - Level 3.6 Fighting
 + Level 8.6 Axes
 - Level 3.2 Armour
 - Level 3.2 Shields


You had 5 spell levels left.
You didn't know any spells.
Your spell library was empty.

Dungeon Overview and Level Annotations

Branches:
Dungeon (3/15)

Altars:
Gozag
Nemelex Xobeh


Message History

The gnoll is heavily wounded.
The gnoll hits you but does no damage.
You hit the gnoll.
You kill the gnoll!
The kobold throws a poisoned dart.
The poisoned dart hits you!
You are more poisoned.
The big kobold throws a stone.
The stone barely misses you.
Your plate armour prevents you from hitting the goblin.
You feel sick. The goblin hits you but does no damage.
You hit the goblin but do no damage.
You feel sick. The goblin hits you but does no damage.
Your plate armour prevents you from hitting the goblin.
You block the goblin's attack.
You hit the goblin.
You kill the goblin!
You feel sick.
You hit the big kobold.
The big kobold is lightly wounded.
You feel sick. The big kobold hits you.
You die...

################################
.............g#)......#....#....
......).)....KK@......#....#....
......)((((..K#########....#####
...########(()K......#......#...
#.))...(...'......'...
#..........#...)..#...
.......#########..).#####
.......+ #.).)#.... ........#
#..()#....
#########################''######


You could see a big kobold, a gnoll and 2 kobolds.

Vanquished Creatures
  A phantom (D:2)
  5 gnolls (D:3)
  2 adders
  2 oozes
  2 worms (D:2)
  A dart slug (D:1)
  4 leopard geckos
  4 orcs (D:3)
  3 bats
  10 giant cockroaches
  33 goblins
  24 hobgoblins
  4 jackals (D:3)
  A ball python (D:1)
  3 frilled lizards
  9 kobolds
  6 rats
114 creatures vanquished.

Notes
Turn   | Place    | Note
-------+----------+-------------------------------------------
     0 | D:1      | Elellon the Hill Orc Fighter began the quest for the Orb.
     0 | D:1      | Reached XP level 1. HP: 19/19 MP: 1/1
    40 | D:1      | Reached skill level 3 in Axes
   103 | D:1      | Reached XP level 2. HP: 10/26 MP: 2/2
   412 | D:1      | Reached skill level 4 in Axes
   728 | D:2      | Reached XP level 3. HP: 31/31 MP: 3/3
   781 | D:2      | Reached skill level 5 in Axes
   835 | D:2      | Found a sparkling altar of Nemelex Xobeh.
   835 | D:2      | Noticed a phantom
   889 | D:2      | Killed a phantom
   889 | D:2      | Reached skill level 6 in Axes
   889 | D:2      | Reached XP level 4. HP: 21/39 MP: 4/4
   889 | D:2      | Reached XP level 5. HP: 25/45 MP: 5/5
  1090 | D:2      | Reached skill level 7 in Axes
  1382 | D:2      | Found an opulent altar of Gozag.
  2189 | D:3      | Reached skill level 8 in Axes
  2189 | D:3      | Reached XP level 6. HP: 49/51 MP: 6/6
  2431 | D:3      | Slain by a big kobold

Levels and vault maps discovered:
D:1:      minmay_arrival_hallway, layout_rooms, grunt_decor_clamped
D:2:      minmay_roachtagon, layout_basic, marbit_many_paths, first_ration,
          nemelex_xobeh_ov_fountains_minmay
D:3:      minmay_goblin_kobold_castle, layout_rooms, lemuel_blue_sif_altar

Skill      XL: |  1  2  3  4  5 |
---------------+----------------+-----
Axes           | 3 4 6 8 |  8.6
Fighting       | |  3.6
Armour         | |  3.2
Shields        | |  3.2

Action                   |  1- 3 |  4- 6 || total
-------------------------+-------+-------++-------
Melee: War axe           |   137 |   208 ||   345
  Eat: Chunk             |       |     5 ||     5
Armor: Scale mail        |    20 |       ||    20
       Plate armour      |    55 |   126 ||   181
Dodge: Dodged            |    28 |    30 ||    58
Block: Shield            |    85 |   119 ||   204
